AoeStats
← JP

Yucatan

503642615Analyzed
2v2 RM · 1mo ago on Sep 1, 2026· 26m 58s· 4 players
Game mode
Random Map
Map size
Medium (4 player)
Population
200
Speed
Normal
Resources
Standard
Victory
Conquest
Starting age
Dark Age
Ending age
Imperial Age
RankedLock teamsTeams togetherTeam positionsShared explorationLock speedFull tech treeHidden civsTurbo modeCheats
Victory
Defeat
🇩🇪 Magyars · Germany
1048
+41
🇧🇪 Japanese · Belgium
1047
+18
🇫🇮 Bengalis · Finland
1100
-18
🇦🇷 Mongols · Argentina
1073
-17
Vago | P-Lave
11:08 Feudal Age
11:50 Feudal Age
17:58 Castle Age
Izari
5:12 Loom
11:11 Feudal Age
12:53 Double-Bit Axe
13:01 Horse Collar
14:51 Wheelbarrow
20:30 Castle Age
19:14 Fletching
19:41 Town Watch
21:15 Pikeman
benk_moham
13:17 Feudal Age
13:18 Man-at-Arms
15:10 Forging
19:03 Castle Age
19:22 Long Swordsman
22:01 Double-Bit Axe
24:23 Horse Collar
27:37 Iron Casting
26:49 Gambesons
JP
6:08 Loom
8:48 Feudal Age
9:52 Double-Bit Axe
16:52 Horse Collar
22:01 Castle Age
22:08 Castle Age
20:41 Gold Mining
20:54 Fletching
22:34 Padded Archer Armor
22:46 Bloodlines
23:12 Bow Saw
25:06 Heavy Plow
27:27 Thumb Ring
Connection lost

Rejoining the realm…

Still unreachable

The connection could not be restored.

Session expired

The server has moved on; the page needs a fresh start.